 Dungeon Crawl Stone Soup version 0.30-a0-557-ge2afbf3030 (webtiles) character file.

Game seed: 15555495618338943393

4 greasedhog the Trooper (level 1, -1/14 HPs)
             Began as a Gargoyle Cinder Acolyte on Dec 28, 2022.
             Was a High Priest of Ignis.
             Frozen to death by an endoplasm (4 damage)
             ... on level 1 of the Dungeon.
             The game lasted 00:00:35 (150 turns).

greasedhog the Trooper (Gargoyle Cinder Acolyte)     Turns: 150, Time: 00:00:36

Health: -1/14      AC:  4    Str: 17    XL:     1   Next: 70%
Magic:  2/2        EV: 11    Int: 14    God:    Ignis [*****.]
Gold:   6          SH:  0    Dex:  5    Spells: 2/2 levels left

rFire   + . .      SeeInvis .    a - -1 mace (flame)
rCold   . . .      Faith    .    (no shield)
rNeg    + . .      Spirit   .    b - +0 robe
rPois   ∞          Reflect  .    (no helmet)
rElec   +          Harm     .    (no cloak)
rCorr   .          Rampage  .    (no gloves)
Will    .....                    (no boots)
Stlth   +                        (no amulet)
HPRegen 0.22/turn                (no ring)
MPRegen 0.08/turn                (no ring)

@: no status effects
A: sickness immunity, AC +2, negative energy resistance 1, electricity
resistance, torment resistance 1, petrification resistance
a: Renounce Religion, Fiery Armour, Foxfire Swarm, Rising Flame


You were on level 1 of the Dungeon.
You worshipped Ignis.
Ignis was extremely pleased with you.
You visited 1 branch of the dungeon, and saw 1 of its levels.

You collected 6 gold pieces.

Inventory:

Hand Weapons
 a - a -1 mace of flaming (weapon)
Armour
 b - a +0 robe (worn)
Scrolls
 f - a scroll of silence {unknown}
Potions
 c - a potion of haste {unknown}
 d - 2 potions of heal wounds {unknown}
 e - a potion of attraction {unknown}


   Skills:
 * Level 3.4 Fighting
 * Level 3.1 Maces & Flails
 + Level 0.3 Armour
 - Level 1.0 Spellcasting
 - Level 3.0 Fire Magic


You had 2 spell levels left.
You didn't know any spells.
Your spell library contained the following spells:

 Spells                   Type           Power      Damage    Failure   Level
 Scorch                   Fire           18%        2d6       12%         2
 Gell's Gravitas          Tloc           0%         N/A       61%         3
 Lesser Beckoning         Tloc           0%         N/A       61%         3
 Teleport Other           Tloc           0%         N/A       61%         3


Dungeon Overview and Level Annotations

Branches:
Dungeon (1/15)

Altars:


Innate Abilities, Weirdness & Mutations

You are immune to sickness and miasma.
Your stone body is resilient. (AC +2)
You are immune to poison.
You resist negative energy. (rN+)
You are resistant to electric shocks. (rElec)
You are resistant to unholy torment.
You are immune to petrification.


Message History

No target in view!
No target in view!
No target in view!
No target in view!
You see here a giant cockroach corpse.
An endoplasm comes into view.
Found a thin peridot amulet and a scroll labelled LEIWONKE LAMPU.
The endoplasm quivers.
You see here a fuming black potion.
An endoplasm is nearby!
d - 2 fuming black potions (gained 1)
A rat and an endoplasm come into view.
The endoplasm quivers.
The rat moves out of view.
You hit the endoplasm. You burn the endoplasm.
The endoplasm is heavily wounded.
The endoplasm freezes you.
You are frozen.
The endoplasm freezes you.
You are frozen.
You are too injured to fight recklessly!
You are too injured to fight recklessly!
You are too injured to fight recklessly!
You hit the endoplasm. You burn the endoplasm.
The endoplasm is almost dead.
The endoplasm hits you but does no damage.
You sock the endoplasm! You burn the endoplasm.
You kill the endoplasm!
You barely miss the endoplasm. The endoplasm freezes you.
You are frozen.
* * * LOW HITPOINT WARNING * * *
The endoplasm freezes you.
You are frozen.
* * * LOW HITPOINT WARNING * * *
You hit the endoplasm. You burn the endoplasm.
The endoplasm is heavily wounded.
The endoplasm freezes you.
You are frozen.
You die...

..... #.. ...
#."......... #.....#.#.#
#.........# # #.####.###
#J........ #........#
#####.#############
#..@Jr....#####8<8##
......###.#...##........
##### #.##.##8........
#.....#...8...8.
#.##.##8........
#.....##........
#.....##........
##.#.#######'###
#.#.##.........


You could see an endoplasm and a rat.

Vanquished Creatures
  An endoplasm (D:1)
  A giant cockroach (D:1)
  A quokka (D:1)
  A rat (D:1)
4 creatures vanquished.

Notes
Turn   | Place    | Note
-------+----------+-------------------------------------------
     0 | D:1      | greasedhog the Gargoyle Cinder Acolyte began the quest for
                  | the Orb.
     0 | D:1      | Reached XP level 1. HP: 14/14 MP: 2/2
   150 | D:1      | Frozen to death by an endoplasm

Illustrated notes

Levels and vault maps discovered:
D:1:      mrwooster_arrival_statue_3, layout_loops_cross,
          basic_ecumenical_altar, minmay_misc_feat_secret_circle,
          minmay_tetromino_t2

Action                   || total
-------------------------++-------
Melee: Mace              ||    14
Armor: Robe              ||     2
Dodge: Dodged            ||     5

Table legend: (Time is in decaauts)
 A = Elapsed time spent in this place.
 B = Non-inter-level travel time spent in this place.
 C = Inter-level travel time spent in this place.
 D = Time resting spent in this place.
 E = Time spent auto-exploring this place.
 F = Levels seen in this place.
 G = Mean time per level.
                   A        B        C        D        E       F      G
               +--------+--------+--------+--------+--------+-----+--------+
         Total |    153 |    153 |      0 |      0 |    114 |   1 |  153.0 |
       Dungeon |    153 |    153 |      0 |      0 |    114 |   1 |  153.0 |
               +--------+--------+--------+--------+--------+-----+--------+

Top non-repeatable levels by time:
     D:1: 153 daAuts
